 Dungeon Crawl Stone Soup version 0.27.1-3-gb3d3a73c9e (webtiles) character file.

Game seed: 14998792817598742374

1750 cdecastro the Frost Mage (level 8, -5/66 (73) HPs)
             Began as a Grey Draconian Ice Elementalist on Oct 9, 2021.
             Was an Initiate of Sif Muna.
             Splashed by Maggie's acid (15 damage)
             ... on level 7 of the Dungeon on Oct 10, 2021.
             The game lasted 00:21:16 (8850 turns).

cdecastro the Frost Mage (DrIE)                     Turns: 8850, Time: 00:21:17

HP:   -5/66 (73)    AC: 19    Str: 11    XL:     8   Next: 78%
MP:   6/11          EV: 12    Int: 17    God:    Sif Muna [......]
Gold: 321           SH:  0    Dex: 12    Spells: 4/11 levels left

rFire    . . .     SeeInvis .   B - +4 hand axe
rCold    . . .     Faith    .   (no shield)
rNeg     . . .     Spirit   .   (armour unavailable)
rPois    .         Reflect  .   (helmet restricted)
rElec    .         Harm     .   (no cloak)
rCorr    .         Rampage  .   b - +0 pair of gloves
Will     .....                  (no boots)
Stlth    ++........             (no amulet)
HPRegen  0.21/turn              w - +4 ring of protection
MPRegen  0.12/turn              (no ring)

@: ice-armoured, corroded, freezing walls, mesmerised, drained
A: AC +11, amphibious, unfitting armour, cold-blooded
a: Renounce Religion


You were on level 7 of the Dungeon.
You worshipped Sif Muna.
Sif Muna was noncommittal.
You visited 2 branches of the dungeon, and saw 8 of its levels.

You collected 321 gold pieces.

Inventory:

Hand Weapons
 i - a +0 hunting sling
 l - a +0 rapier
 p - a +0 hand crossbow
 z - a +1 whip of draining
 B - a +4 hand axe (weapon)
 E - a +5 halberd
Missiles
 f - 134 bolts
 g - 98 arrows
 h - 88 stones
 j - 8 poisoned darts
 m - 6 sling bullets
 q - 3 atropa-tipped darts
 t - 18 boomerangs
Armour
 b - a +0 pair of gloves (worn)
Jewellery
 w - a +4 ring of protection (left hand)
Wands
 C - a wand of iceblast (7)
Scrolls
 d - a scroll of enchant armour {unknown}
 e - 3 scrolls of torment
 k - 2 scrolls of fog {unknown}
 n - a scroll of magic mapping {unknown}
 r - a scroll of teleportation
 y - 2 scrolls of vulnerability {unknown}
 A - a scroll of fear {unknown}
 D - a scroll of blinking {unknown}
 F - a scroll of identify
 G - a scroll of amnesia {unknown}
 H - a scroll of enchant weapon {unknown}
Potions
 a - a potion of might
 c - 2 potions of lignification
 o - 4 potions of resistance
 s - 2 potions of flight
 u - a potion of heal wounds {unknown}
 v - a potion of haste {unknown}
 x - a potion of brilliance {unknown}


   Skills:
 + Level 7.2 Fighting
 - Level 1.7 Dodging
 - Level 1.7 Stealth
 - Level 2.0 Spellcasting
 - Level 10.0 Ice Magic


You had 4 spell levels left.
You knew the following spells:

 Your Spells              Type           Power      Damage    Failure   Level
a - Freeze                Ice            100%       1d11      1%          1
b - Frozen Ramparts       Ice            70%        1d9       1%          3
c - Ozocubu's Armour      Ice            35%        N/A       1%          3

Your spell library contained the following spells:

 Spells                   Type           Power      Damage    Failure   Level
 Beastly Appendage        Tmut           2%         N/A       19%         1
 Hailstorm                Conj/Ice       18%        3d6       24%         4
 Corpse Rot               Necr/Air       N/A        N/A       28%         2
 Poisonous Vapours        Pois/Air       2%         N/A       28%         2
 Wereblood                Tmut           1%         N/A       28%         2
 Spider Form              Tmut/Pois      0%         N/A       50%         3
 Freezing Cloud           Conj/Ice/Air   6%         6-21      80%         5


Dungeon Overview and Level Annotations

Branches:
Dungeon (7/15)             Temple (1/1) D:5

Altars:
Ashenzari
Cheibriados
Dithmenos
Elyvilon
Hepliaklqana
Kikubaaqudgha
Makhleb
Nemelex Xobeh
Okawaru
Qazlal
Ru
Sif Muna
Uskayaw
Wu Jian
Xom
Yredelemnul
Zin
The Shining One

Annotations:
D:3 1 runed translucent door, barney's ghost, weakling DrTm
D:4 not done
D:6 Harold
D:7 Maggie


Innate Abilities, Weirdness & Mutations

Your dull iron-grey scales are very hard. (AC +11)
You are amphibious.
You cannot fit into any form of body armour.
You are cold-blooded and may be slowed by cold attacks.


Message History

The acid corrodes you!
You are splashed with acid!
The heat melts your icy armour.
Unknown command.
Unknown command.
You hit Maggie but do no damage.
Maggie is heavily wounded.
The centaur skeleton completely resists.
The wall freezes the centaur skeleton but does no damage. x2
The wall freezes Maggie.
Maggie zaps a wand.
The bolt of acid misses you.
Unknown command.
Unknown command.
Unknown command.
You hit Maggie but do no damage. You tail-slap Maggie, but do no damage.
Maggie is heavily wounded.
The centaur skeleton resists.
The wall freezes the centaur skeleton.
The wall freezes Maggie.
Maggie gestures at you while chanting. The bolt of fire hits you!!
* * * LOW HITPOINT WARNING * * *
The centaur skeleton resists.
The wall freezes the centaur skeleton.
The heat melts your icy armour.
Unknown command.
Unknown command.
You hit Maggie but do no damage.
Maggie is heavily wounded.
The wall freezes Maggie!
Maggie hits you with a +1 scimitar of pain!
* * * LOW HITPOINT WARNING * * *
The centaur skeleton resists.
The wall freezes the centaur skeleton.
Unknown command.
Unknown command.
Unknown command.
You barely miss Maggie. You tail-slap Maggie, but do no damage.
Maggie is severely wounded.
The centaur skeleton completely resists.
The wall freezes the centaur skeleton but does no damage.
The wall freezes Maggie.
Maggie zaps a wand.
The bolt of acid hits you!
* * * LOW HITPOINT WARNING * * *
You are splashed with acid!
You die...

.....#
#............# #..#
# #.#.#........#
.... .Z.#........#
.#... ..#
#......o.####### ...
.. #...............
## #.......<.....<.
.#######
#######.........
.......#
#######..#######
.#####.# #..@@Z...#
.# #.# #.######.###
.# #.# #.#........#
.# #.# #.#.####.#.#
.# #.# #.#.# #.#.#
.# #.#######.#.#
#.#.# .#
#.........#.# #.#.#
.#
########..#.####.#.#
.#
#........#......#.#


You could see Maggie (mesmerising) and a centaur skeleton.

Vanquished Creatures
  An ice beast (D:5)
  A necrophage (D:4)
  An orc warrior (D:6)
  A black bear (D:6)
  An ogre (D:5)
  2 phantoms
  A kobold brigand (D:3)
  3 bullfrogs (D:7)
  A wyvern skeleton (D:7)
  A scorpion (D:4)
  7 wights
  A howler monkey (D:6)
  2 bullfrog zombies
  2 hounds
  2 orc priests
  A bullfrog skeleton (D:5)
  An iguana (D:4)
  A howler monkey zombie (D:7)
  9 adders
  A shadow imp (D:6)
  2 white imps
  An ufetubus (D:5)
  An adder zombie (D:5)
  2 worms (D:2)
  2 dart slugs
  6 orcs
  9 ball pythons
  13 endoplasms
  3 giant cockroaches
  5 goblins
  5 hobgoblins
  4 jackals (D:1)
  10 kobolds
  3 quokkas
  6 bats
  2 frilled lizards (D:2)
  3 rats
117 creatures vanquished.

Notes
Turn   | Place    | Note
-------+----------+-------------------------------------------
     0 | D:1      | cdecastro the Draconian Ice Elementalist began the quest
                  | for the Orb.
     0 | D:1      | Reached XP level 1. HP: 14/14 MP: 3/3
   165 | D:1      | Reached XP level 2. HP: 3/20 MP: 0/5
  1383 | D:2      | Reached skill level 5 in Ice Magic
  1383 | D:2      | Reached XP level 3. HP: 23/26 MP: 2/6
  1550 | D:2      | Learned a level 3 spell: Frozen Ramparts
  2113 | D:2      | Reached XP level 4. HP: 33/33 MP: 4/7
  2911 | D:3      | Noticed a kobold brigand
  2934 | D:3      | HP: 1/33 [kobold brigand (1)]
  2935 | D:3      | Killed a kobold brigand
  2936 | D:3      | Reached skill level 6 in Ice Magic
  2936 | D:3      | Reached XP level 5. HP: 1/38 MP: 1/8
  3585 | D:3      | Found a runed translucent door.
  3585 | D:3      | Noticed barney's ghost (weakling DrTm)
  4185 | D:4      | Reached skill level 7 in Ice Magic
  4376 | D:4      | Noticed a necrophage
  4421 | D:5      | Entered Level 5 of the Dungeon
  4607 | D:5      | Noticed a phantom
  4622 | D:5      | Reached XP level 6. HP: 36/45 MP: 9/9
  4769 | D:5      | Learned a level 3 spell: Ozocubu's Armour
  4928 | D:5      | Reached skill level 8 in Ice Magic
  5009 | D:5      | Found a staircase to the Ecumenical Temple.
  5015 | Temple   | Entered the Ecumenical Temple
  5399 | D:6      | Noticed an ice beast
  5628 | D:6      | Your scales start taking on a dull iron-grey colour.
  5628 | D:6      | Reached XP level 7. HP: 43/50 MP: 6/10
  5683 | D:6      | Found a sacrificial altar of Ru.
  5684 | D:6      | Found a broken altar of Ashenzari.
  5685 | D:6      | Found an ornate altar of the Wu Jian Council.
  5929 | D:6      | Reached skill level 9 in Ice Magic
  6210 | Temple   | Became a worshipper of Sif Muna the Loreminder
  6382 | D:4      | Reached skill level 10 in Ice Magic
  6434 | D:4      | Found a shadowy altar of Dithmenos.
  6854 | D:5      | Reached XP level 8. HP: 18/61 MP: 11/11
  7505 | D:7      | Noticed Harold
  7554 | D:6      | Found a glowing golden altar of the Shining One.
  8064 | D:7      | Reached skill level 5 in Fighting
  8838 | D:7      | Noticed Maggie
  8850 | D:7      | Splashed by Maggie's acid

Illustrated notes

Levels and vault maps discovered:
D:1:      wander_arrival_estate, layout_basic
D:2:      layout_basic, roderic_serpentine_path, hex_medium, minmay_cupped
D:3:      layout_loops_corners, gammafunk_ghost_grave, feat_on_display
D:4:      layout_basic, mainiacjoe_overflow_surrounded_room
D:5:      layout_cave_pools, minmay_temple_entry_gardened_gates
D:6:      layout_rooms, chequers_temple_overflow_statue_of_worship,
          mainiacjoe_overflow_six_doors_small
D:7:      layout_basic, trog_butcher_becter, minmay_fractal_squares_5,
          uniq_maggie, uniq_harold
Temple:   cyrus_circular_temple

Skill      XL: |  1  2  3  4  5  6  7  8 |
---------------+-------------------------+-----
Ice Magic      | 5 6 7 8 10 | 10.0
Fighting       | 2 7 |  7.2
Dodging        | |  1.7
Stealth        | |  1.7
Spellcasting   | |  2.0

Action                   |  1- 3 |  4- 6 |  7- 9 || total
-------------------------+-------+-------+-------++-------
Melee: Unarmed           |    33 |       |       ||    33
       Tailslap          |     8 |    13 |    17 ||    38
       Rapier            |    25 |   102 |       ||   127
       Whip              |       |    19 |       ||    19
       Hand axe          |       |     5 |   192 ||   197
 Fire: Hunting sling     |     1 |       |       ||     1
Throw: Dart              |     5 |       |       ||     5
 Cast: Freeze            |    45 |    33 |    12 ||    90
       Frozen Ramparts   |       |     3 |    14 ||    17
       Ozocubu's Armour  |       |       |    11 ||    11
  Use: Scroll            |       |     2 |     7 ||     9
 Stab: Sleeping          |     1 |     1 |     1 ||     3
Armor: Skin              |    33 |    87 |   112 ||   232
Dodge: Dodged            |    52 |   124 |   147 ||   323
